 Dungeon Sprint DCSS version 0.30-a0-920-g7493c07aab (webtiles) character file.

Game seed: 3105096984456107530

1304 dialectric the Imperceptible (level 8, -5/43 HPs)
             Began as a Spriggan Brigand on Mar 21, 2023.
             Was an Initiate of Trog.
             Slain by a tentacle (19 damage)
             ... attached to a kraken
             ... in the Dungeon (Sprint II: "The Violet Keep of Menkaure").
             The game lasted 00:01:28 (151 turns).

dialectric the Imperceptible (Spriggan Brigand)      Turns: 151, Time: 00:01:29

Health: -5/43      AC:  3    Str:  7    XL:     8   Next: 31%
Magic:  9/9        EV: 19    Int: 13    God:    Trog [......]
Gold:   740        SH:  0    Dex: 18    Spells: 7/7 levels left

rFire   . . .      SeeInvis +    a - +2 dagger
rCold   . . .      Faith    .    (no shield)
rNeg    . . .      Spirit   .    b - +0 robe
rPois   .          Reflect  .    (helmet restricted)
rElec   .          Rampage  .    c - +0 cloak
rCorr   .          NoTele   +    (gloves unavailable)
Will    +....                    (boots unavailable)
Stlth   +++++++++                (no amulet)
HPRegen 0.27/turn                (no ring)
MPRegen 0.11/turn                (no ring)

@: very quick
A: very small, no large weapons, unfitting armour, see invisible, speed 3
a: Renounce Religion


You were in the Dungeon.
You worshipped Trog.
Trog was noncommittal.
You visited 1 branch You collected 740 gold pieces.

Inventory:

Hand Weapons
 a - a +2 dagger (weapon)
Missiles
 d - 8 poisoned darts
 e - 2 curare-tipped darts (quivered)
Armour
 b - a +0 robe (worn)
 c - a +0 cloak (worn)
Potions
 f - a potion of curing
 g - a potion of heal wounds
 h - a potion of haste
 i - 2 potions of magic
 j - a potion of berserk rage


   Skills:
 + Level 5.3 Fighting
 + Level 7.4 Short Blades
 - Level 2.3 Throwing
 + Level 4.0 Dodging
 + Level 23.6 Stealth


You had 7 spell levels left.
You didn't know any spells.
Your spell library was empty.

Dungeon Overview and Level Annotations

Branches:
Dungeon (1/1)

Altars:
Cheibriados
Dithmenos
Elyvilon
Fedhas
Gozag
Hepliaklqana
Kikubaaqudgha
Makhleb
Nemelex Xobeh
Okawaru
Qazlal
Ru
Sif Muna
Trog
Uskayaw
Vehumet
Wu Jian
Xom
Yredelemnul
Zin
The Shining One
Jiyva
Lugonu

Shops:
D =![([:=:

Annotations:
D exclusion: obsidian statue


Innate Abilities, Weirdness & Mutations

You are very small and have problems with some larger weapons.
You are too small for most types of armour.
You have supernaturally acute eyesight. (SInv)
You cover ground extremely quickly. (Speed+++)


Message History

Found a snail-covered altar of Cheibriados.
You open the door.
Found three items.
Found three altars.
There is an open door here.
Found nine items.
Found three altars.
Found four items.
There is a burning altar of Makhleb here.
There is a bloodstained altar of Trog here.
You kneel at the altar of Trog.
Trog welcomes you!
There is a hide-covered altar of Uskayaw here.
There is a radiant altar of Vehumet here.
There is an iron altar of Okawaru here.
There is an open door here.
You enter the shallow water.
Moving in this stuff is going to be slow.
Found 4 stones and a trident.
Found fourteen items.
Found six items.
A water moccasin comes into view.
Found six items.
A kraken comes into view.
The water moccasin hisses angrily.
Tentacles burst out of the water!
The water moccasin completely misses you. 4 tentacles come into view.
You open the door. The tentacle slaps you.
The water moccasin completely misses you.
You hit the tentacle but do no damage.
The tentacle slaps you but does no damage.
The water moccasin barely misses you.
Unknown command.
Blink to where?
Press: ? - help, Dir - move target
Found fifteen items.
As you read the scroll of blinking, it crumbles to dust.
Unknown command.
You now have 740 gold pieces (gained 11).
The tentacle slaps you. The tentacle slaps you!!
You die...

▓0.. ▓▓▓▓▓▓▓▓▓▓
▓§≈§§≈§≈≈▓▓ ▓▓▓▓▓▓▓▓▓▓▓
▓?$?![|"?▓▓ ▓(?)[??[(▓▓
+.### [▓$)![!!:?▓▓ ...#
#▓!))?)?@)▓▓ #..#
#▓?)$?(w$$▓▓ +..#
#▓?)$)│$?[▓▓ #^^#
#▓!??:│[([▓▓
###..####▓$?$[=\(?▓▓
.###...##▓▓▓▓▓▓▓\▓▓▓▓+▓
...~~~~~~~~~~~~~S──Xw≈▓
...~#'########+###.ww≈▓
~..~#_._.....#S~§# ≈≈▓


You could see a kraken, 3 tentacles and a water moccasin.

Vanquished Creatures
  A boulder beetle (D)
  A merfolk siren (D)
  2 wyverns (D)
  Menkaure (D)
  A water moccasin (D)
  3 worms (D)
9 creatures vanquished.

Notes
Turn   | Place    | Note
-------+----------+-------------------------------------------
     0 | D        | dialectric the Spriggan Brigand began the quest for the
                  | Orb.
     0 | D        | Reached XP level 1. HP: 10/10 MP: 2/2
     7 | D        | Reached skill level 7 in Stealth
    20 | D        | Found Byntuuf's Jewellery Boutique.
    20 | D        | Found Winowk Udal's Antique Armour Shop.
    20 | D        | Found Qih Utir's Distillery.
    20 | D        | Found Doinoiti's Antique Armour Boutique.
    20 | D        | Found Myrouqom's Jewellery Shop.
    21 | D        | Found Ante's Book Shop.
    21 | D        | Found Ratept's Antique Weapon Shop.
    36 | D        | Reached skill level 8 in Stealth
    36 | D        | Reached XP level 2. HP: 9/15 MP: 3/3
    44 | D        | Noticed a boulder beetle
    44 | D        | Noticed a boulder beetle
    47 | D        | Noticed a merfolk siren
    50 | D        | Killed a merfolk siren
    51 | D        | Reached skill level 5 in Short Blades
    51 | D        | Reached skill level 17 in Stealth
    51 | D        | Reached XP level 3. HP: 16/21 MP: 4/4
    51 | D        | Reached XP level 4. HP: 19/25 MP: 5/5
    51 | D        | Reached XP level 5. HP: 22/29 MP: 6/6
    51 | D        | Reached XP level 6. HP: 26/33 MP: 7/7
    59 | D        | Noticed a wyvern
    59 | D        | Noticed a wyvern
    62 | D        | Killed a wyvern
    63 | D        | Reached skill level 19 in Stealth
    65 | D        | Killed a wyvern
    66 | D        | Reached skill level 20 in Stealth
    66 | D        | Reached XP level 7. HP: 32/38 MP: 8/8
    74 | D        | Killed a boulder beetle
    75 | D        | Reached skill level 5 in Fighting
    75 | D        | Reached skill level 23 in Stealth
    75 | D        | Reached XP level 8. HP: 39/43 MP: 9/9
    78 | D        | Noticed an obsidian statue
   101 | D        | Found Daiskeonoq's Book Boutique.
   112 | D        | Noticed Menkaure
   113 | D        | Found an iron altar of Okawaru.
   113 | D        | Found a radiant altar of Vehumet.
   115 | D        | Found a sparkling altar of Nemelex Xobeh.
   115 | D        | Found a hide-covered altar of Uskayaw.
   115 | D        | Found a glowing silver altar of Zin.
   116 | D        | Found an opulent altar of Gozag.
   116 | D        | Found a burning altar of Makhleb.
   116 | D        | Found a bloodstained altar of Trog.
   116 | D        | Found a basalt altar of Yredelemnul.
   117 | D        | Found a shimmering altar of Xom.
   119 | D        | Killed Menkaure
   120 | D        | Found a blossoming altar of Fedhas.
   120 | D        | Found a corrupted altar of Lugonu.
   120 | D        | Found a shimmering blue altar of Sif Muna.
   121 | D        | Found a white marble altar of Elyvilon.
   121 | D        | Found an ancient bone altar of Kikubaaqudgha.
   122 | D        | Found a shadowy altar of Dithmenos.
   122 | D        | Found a viscous altar of Jiyva.
   123 | D        | Found a snail-covered altar of Cheibriados.
   125 | D        | Found a sacrificial altar of Ru.
   125 | D        | Found a hazy altar of Hepliaklqana.
   126 | D        | Found a glowing golden altar of the Shining One.
   126 | D        | Found an ornate altar of the Wu Jian Council.
   126 | D        | Found a stormy altar of Qazlal.
   132 | D        | Became a worshipper of Trog the Wrathful
   145 | D        | Noticed a kraken
   151 | D        | Slain by a tentacle

Illustrated notes

Levels and vault maps discovered:
D:        the_violet_keep_of_menkaure [sprint2_stairs_cluster_1,
          sprint2_shoproom, sprint2_temple, sprint2_basic_supplies,
          sprint2_obstacle_7, sprint2_obstacle_5, sprint2_obstacle_3,
          sprint2_obstacle_6, sprint2_obstacle_2, sprint2_timed_cluster_1,
          sprint2_smallroom_cluster_1, sprint2_smallroom_final_cluster_1,
          sprint2_transparent_cluster_1, sprint2_second_timed_cluster_1,
          sprint2_sniper_area_1, sprint2_heavy_combat_area_1,
          sprint2_mutation_trap_area_1, sprint2_forest_area_1,
          sprint2_light_combat_area_1, sprint2_behind_water_1,
          sprint2_near_end_vault_1]

Skill      XL: |  1  2  3  4  5  6  7  8 |
---------------+-------------------------+-----
Stealth        | 8 17 20 23 | 23.6
Fighting       | 3 4 5 |  5.3
Short Blades   | 5 6 7 |  7.4
Dodging        | 3 4 |  4.0
Throwing       | |  2.3

Action                     |  1- 3 |  4- 6 |  7- 9 || total
---------------------------+-------+-------+-------++-------
  Melee: Dagger            |     5 |     2 |    22 ||    29
  Throw: Dart              |     9 |       |       ||     9
    Use: Scroll            |       |       |     1 ||     1
   Stab: Sleeping          |     1 |     2 |     1 ||     4
 Armour: Robe              |       |       |     2 ||     2
  Dodge: Dodged            |       |       |    16 ||    16

Table legend: (Time is in decaauts)
 A = Elapsed time spent in this place.
 B = Non-inter-level travel time spent in this place.
 C = Inter-level travel time spent in this place.
 D = Time resting spent in this place.
 E = Time spent auto-exploring this place.
 F = Levels seen in this place.
 G = Mean time per level.
                   A        B        C        D        E       F      G
               +--------+--------+--------+--------+--------+-----+--------+
         Total |    111 |    111 |      0 |      0 |      0 |   1 |  111.0 |
       Dungeon |    111 |    111 |      0 |      0 |      0 |   1 |  111.0 |
               +--------+--------+--------+--------+--------+-----+--------+

Top non-repeatable levels by time:
       D: 111 daAuts
